 Dungeon Crawl Stone Soup version 0.29.1-13-g9f3cf754e1 (webtiles) character file.

Game seed: 10327819300656154228

9798 nightchill the Zephyrmancer (level 11, -2/67 HPs)
             Began as a Tengu Air Elementalist on Feb 8, 2023.
             Was a Follower of Kikubaaqudgha.
             Killed from afar by a fire dragon (shapeshifter) (32 damage)
             ... with a blast of flame
             ... on level 9 of the Dungeon.
             The game lasted 00:50:20 (18954 turns).

nightchill the Zephyrmancer (TeAE)                 Turns: 18954, Time: 00:50:20

Health: -2/67      AC:  5    Str: 10    XL:     11   Next: 52%
Magic:  14/24      EV: 16    Int: 19    God:    Kikubaaqudgha [*.....]
Gold:   684        SH:  0    Dex: 14    Spells: 12/27 levels left

rFire   . . .      SeeInvis +   a - +2 dagger (venom)
rCold   . . .      Faith    .   (no shield)
rNeg    . . .      Spirit   .   P - +0 troll leather armour
rPois   +          Reflect  .   Q - +0 hat
rElec   .          Harm     .   (no cloak)
rCorr   .          Rampage  .   m - +0 pair of gloves
Will    .....                   (boots unavailable)
Stlth   ++........              n - amulet of the acrobat
HPRegen 1.01/turn               s - ring of poison resistance
MPRegen 0.19/turn               E - ring of see invisible

@: flying quickly and evasively, quick
A: beak, talons 3, nimble flight
a: Renounce Religion, Unearth Wretches


You were on level 9 of the Dungeon.
You worshipped Kikubaaqudgha.
Kikubaaqudgha was aware of your devotion.
You visited 2 branches of the dungeon, and saw 10 of its levels.

You collected 684 gold pieces.

Inventory:

Hand Weapons
 a - a +2 dagger of venom (weapon)
 b - a +0 sling
 w - the +3 quarterstaff of Watchfulness {flame, rPois Will+ Dex+4}
   (You found it on level 3 of the Dungeon)

   It burns those it strikes, dealing additional fire damage.
   Dex:       It affects your dexterity (+4).
   rPois:     It protects you from poison.
   Will:      It increases your willpower.
 D - a +0 long sword of electrocution
 N - a +2 antimagic dagger
Missiles
 o - 43 poisoned darts
 C - 7 javelins
 K - a throwing net
Armour
 e - a +0 buckler
 m - a +0 pair of gloves (worn)
 O - a +0 robe
 P - a +0 troll leather armour (worn)
 Q - a +0 hat (worn)
Jewellery
 n - an amulet of the acrobat (around neck)
 r - an amulet of regeneration
 s - a ring of poison resistance (left hand)
 u - an amulet of faith
 E - a ring of see invisible (right hand)
Wands
 d - a wand of roots (8)
 x - a wand of paralysis (9)
 A - a wand of flame (18)
Scrolls
 g - 2 scrolls of butterflies
 h - 4 scrolls of teleportation
 i - 2 scrolls of noise
 p - a scroll of enchant weapon
 y - 3 scrolls of immolation {unknown}
 z - a scroll of summoning {unknown}
 B - 2 scrolls of amnesia
 F - a scroll of poison
 G - a scroll of brand weapon {unknown}
 H - a scroll of magic mapping {unknown}
 L - 2 scrolls of vulnerability {unknown}
 R - a scroll of silence {unknown}
Potions
 c - a potion of haste
 f - 3 potions of mutation
 k - a potion of invisibility
 l - a potion of heal wounds
 q - 2 potions of berserk rage
 t - 2 potions of curing
 v - a potion of brilliance
 J - a potion of resistance
 M - a potion of attraction {unknown}


   Skills:
 + Level 7.3 Fighting
 - Level 5.9 Dodging
 - Level 4.0 Stealth
 + Level 2.8 Shields
 + Level 8.6 Spellcasting
 - Level 1.3 Conjurations
 * Level 7.8 Necromancy
 - Level 12.4 Air Magic


You had 12 spell levels left.
You knew the following spells:

 Your Spells              Type           Power      Damage    Failure   Level
a - Shock                 Conj/Air       100%       1d9       1%          1
b - Static Discharge      Conj/Air       34%        3-8/arc   1%          2
c - Airstrike             Air            26%        2d(4-20)  1%          4
d - Swiftness             Air            53%        N/A       1%          3
e - Necrotise             Necr           100%       1d9       1%          1
f - Anguish               Hex/Necr       11%        N/A       22%         4

Your spell library contained the following spells:

 Spells                   Type           Power      Damage    Failure   Level
 Sublimation of Blood     Necr           38%        N/A       1%          2
 Vampiric Draining        Necr           38%        2d8       1%          3
 Foxfire                  Conj/Fire      40%        2x1d6     9%          1
 Ensorcelled Hibernation  Hex/Ice        16%        N/A       19%         2
 Passwall                 Tmut/Erth      6%         N/A       19%         2
 Conjure Flame            Conj/Fire      10%        6-21      26%         3
 Inner Flame              Hex/Fire       8%         N/A       34%         3
 Flame Wave               Conj/Fire      10%        2d6       65%         4


Dungeon Overview and Level Annotations

Branches:
Dungeon (9/15)             Temple (1/1) D:7            Lair (0/5) D:9
    Orc: D:9-12

Altars:
Ashenzari
Cheibriados
Dithmenos
Elyvilon
Fedhas
Gozag
Hepliaklqana
Kikubaaqudgha
Makhleb
Nemelex Xobeh
Okawaru
Qazlal
Ru
Sif Muna
Uskayaw
Vehumet
Wu Jian
Xom
Yredelemnul
Zin
The Shining One

Shops:
D:2 *   D:6 [

Annotations:
D:2 exclusion: door, Sigmund
D:3 exclusion: 2 downstairs
D:4 exclusion: 2 downstairs
D:6 exclusions: upstairs and 1 more exclusion
D:7 exclusion: 2 downstairs
D:8 exclusion: 2 downstairs


Innate Abilities, Weirdness & Mutations

You have a beak for a mouth.
You have claws for feet.
Your magical nature lets you fly swiftly and evasively.


Message History

The fire dragon is severely wounded.
The fire dragon misses you. The fire dragon claws you.
The fire dragon misses you.
You hit the fire dragon but do no damage.
You claw the fire dragon, but do no damage.
The fire dragon is severely wounded.
The fire dragon bites you!
The fire dragon claws you but does no damage.
The fire dragon tramples you.
You are shoved backwards!
You hit the fire dragon but do no damage.
The fire dragon is severely wounded.
The fire dragon breathes flames at you. The blast of flame hits you!!!
Ouch! That really hurt!
* * * LOW HITPOINT WARNING * * *
The fire dragon completely misses you. The fire dragon barely misses you. x2
Okay, then.
Blink to where?
Press: ? - help, Dir - move target, p - fire dragon
As you read the scroll of blinking, it crumbles to dust.
You feel much better. Magic courses through your body.
Casting: Airstrike (dangerous; 1% risk of failure)
Confirm with . or Enter, or press ? or * to list all spells.
Aiming: Airstrike (dangerous; 1% risk of failure)
Press: ? - help, Dir - move target, f - fire dragon
Aim: a fire dragon (severely wounded, empty space bonus: 6/8)
The air twists around and strikes the fire dragon!
The fire dragon is almost dead.
Casting: Airstrike (dangerous; 1% risk of failure)
Confirm with . or Enter, or press ? or * to list all spells.
Aiming: Airstrike (dangerous; 1% risk of failure)
Press: ? - help, Dir - move target, f/p - fire dragon
Aim: a fire dragon (almost dead, empty space bonus: 7/8)
The air twists around and strikes the fire dragon!
The fire dragon is almost dead.
The fire dragon breathes flames at you. The blast of flame hits you!!
You die...
Kikubaaqudgha rasps: "You have failed me!
Welcome... death!"

#.... #.... #### #.... ...# #....
...# #.... ...# #.... ...# #....
#############################....
................@................
.....##.....#.......D...#........
###.................#...#....####
...............##...#...#........
............[....................
#################################
# #


You could see a fire dragon (catching breath).

Vanquished Creatures
  3 two-headed ogres
  Pikel (D:8)
  3 trolls (D:9)
  A shadow (D:9)
  A vampire (D:6)
  A steam dragon (D:7)
  16 yaks
  Eustachio (D:4)
  Edmund (D:5)
  Menkaure (D:7)
  A water moccasin (D:9)
  3 black bears
  An ice beast (D:7)
  4 orc warriors (D:9)
  3 ogres
  3 centaurs
  4 lemures
  3 kobold brigands
  A phantom (D:4)
  A bullfrog (D:6)
  3 necrophages
  A gnoll sergeant (D:7)
  A scorpion (D:5)
  9 wights
  4 killer bees (D:7)
  4 howler monkeys
  A jelly (D:5)
  4 hounds
  A gnoll bouda (D:5)
  3 orc priests
  10 orc wizards
  3 iguanas
  Natasha (thrice) (D:4)
  4 gnolls
  11 adders
  2 shadow imps
  3 white imps
  3 ufetubi
  3 worms
  4 dart slugs
  27 orcs
  11 ball pythons
  7 endoplasms
  4 giant cockroaches
  10 goblins
  7 hobgoblins
  6 jackals
  17 kobolds
  4 quokkas
  4 bats
  5 frilled lizards
  3 rats
235 creatures vanquished.

Notes
Turn   | Place    | Note
-------+----------+-------------------------------------------
     0 | D:1      | nightchill the Tengu Air Elementalist began the quest for
                  | the Orb.
     0 | D:1      | Reached XP level 1. HP: 10/10 MP: 4/4
   420 | D:1      | Reached XP level 2. HP: 13/15 MP: 0/6
   550 | D:1      | Learned a level 2 spell: Static Discharge
   974 | D:1      | Reached XP level 3. HP: 16/19 MP: 7/7
  1520 | D:2      | Reached skill level 5 in Air Magic
  1986 | D:2      | Noticed Sigmund
  2083 | D:2      | Found Misch's General Store.
  2132 | D:2      | Reached XP level 4. HP: 20/24 MP: 0/8
  2216 | D:2      | Learned a level 4 spell: Airstrike
  2309 | D:2      | Found a shimmering altar of Xom.
  3538 | D:3      | Gained mutation: Your magical nature lets you fly swiftly
                  | and evasively. [Tengu growth]
  3538 | D:3      | Reached XP level 5. HP: 27/28 MP: 1/10
  3616 | D:3      | Identified the +3 quarterstaff of Watchfulness {flame,
                  | rPois Will+ Dex+4}
  3754 | D:3      | Reached skill level 6 in Air Magic
  4161 | D:4      | Noticed Natasha
  4163 | D:4      | Killed Natasha
  4480 | D:4      | Noticed Eustachio
  4997 | D:4      | Killed Eustachio
  4998 | D:4      | Reached skill level 7 in Air Magic
  4998 | D:4      | Reached XP level 6. HP: 11/32 MP: 0/12
  5472 | D:4      | Found an ornate altar of the Wu Jian Council.
  5479 | D:4      | Reached skill level 8 in Air Magic
  5479 | D:4      | Reached XP level 7. HP: 36/36 MP: 4/13
  5607 | D:4      | Noticed Natasha
  5609 | D:4      | Killed Natasha
  5752 | D:4      | Noticed Natasha
  5753 | D:4      | Killed Natasha
  6217 | D:5      | Entered Level 5 of the Dungeon
  6325 | D:5      | Reached skill level 9 in Air Magic
  6944 | D:5      | Reached XP level 8. HP: 16/41 MP: 5/16
  7193 | D:5      | Noticed Edmund
  7427 | D:5      | Reached skill level 1 in Fighting
  7572 | D:5      | Reached skill level 10 in Air Magic
  7629 | D:4      | Learned a level 3 spell: Swiftness
  7686 | D:5      | Found a radiant altar of Vehumet.
  7708 | D:5      | Reached skill level 5 in Spellcasting
  7955 | D:5      | You are sucked into a shaft and drop 3 floors!
  7974 | D:8      | Found a glowing silver altar of Zin.
  8207 | D:8      | Noticed Pikel
  8207 | D:8      | Noticed a yak
  8207 | D:8      | Noticed a yak
  8207 | D:8      | Noticed a yak
  8207 | D:8      | Noticed a yak
  8207 | D:8      | Noticed a yak
  8233 | D:6      | Noticed a two-headed ogre
  8566 | D:5      | Killed Edmund
  8648 | D:6      | Found Cikennuguo's Armour Emporium.
  9499 | D:6      | Reached skill level 11 in Air Magic
  9501 | D:6      | Reached XP level 9. HP: 49/49 MP: 5/18
  9933 | D:6      | Killed a two-headed ogre
 10399 | D:6      | Noticed a two-headed ogre
 11175 | D:6      | Killed a two-headed ogre
 11176 | D:6      | Reached skill level 5 in Dodging
 11176 | D:6      | Reached skill level 12 in Air Magic
 11499 | D:6      | Found a hide-covered altar of Uskayaw.
 11499 | D:6      | Found a hazy altar of Hepliaklqana.
 11543 | D:6      | Noticed a four-headed hydra
 12020 | D:7      | Reached XP level 10. HP: 52/58 MP: 12/21
 12301 | D:7      | Reached skill level 5 in Fighting
 12355 | D:7      | Found a shimmering altar of Xom.
 12817 | D:7      | Found a snail-covered altar of Cheibriados.
 12839 | D:7      | Found a staircase to the Ecumenical Temple.
 12891 | Temple   | Entered the Ecumenical Temple
 13020 | Temple   | Became a worshipper of Kikubaaqudgha
 13122 | D:7      | Noticed Menkaure
 13275 | D:7      | Killed Menkaure
 13370 | D:7      | Reached skill level 1 in Necromancy
 13839 | D:7      | Found a blossoming altar of Fedhas.
 15195 | D:8      | Reached * piety under Kikubaaqudgha
 15195 | D:8      | Received a gift from Kikubaaqudgha
 16167 | D:8      | Killed Pikel
 16168 | D:8      | Reached skill level 5 in Necromancy
 16675 | D:9      | Found a sparkling altar of Nemelex Xobeh.
 16703 | D:9      | Reached XP level 11. HP: 66/66 MP: 11/24
 16710 | D:9      | Noticed a two-headed ogre
 17258 | D:9      | Reached skill level 1 in Shields
 17357 | D:9      | Found a staircase to the Lair.
 17756 | D:9      | Found a stormy altar of Qazlal.
 18232 | D:9      | Killed a two-headed ogre
 18371 | D:9      | Noticed a cyclops
 18653 | D:9      | Learned a level 1 spell: Necrotise
 18658 | D:9      | Learned a level 4 spell: Anguish
 18745 | D:9      | Noticed a storm dragon
 18768 | D:9      | Noticed a four-headed hydra
 18774 | D:9      | Noticed an emperor scorpion
 18774 | D:9      | a four-headed hydra changed into an emperor scorpion
 18937 | D:9      | Noticed a fire dragon
 18948 | D:9      | HP: 3/67 [fire dragon (shapeshifter)/blast of flame (46)]
 18954 | D:9      | Killed from afar by a fire dragon (shapeshifter)

Illustrated notes

Levels and vault maps discovered:
D:1:      ncdulo_wetmaze, layout_basic, serial_curves, eino_curves_02,
          eino_curves_04, minmay_misc_feat_five, amcnicky_mini_corridor_feature,
          minmay_tiny_reverse_x
D:2:      layout_loops_ring, serial_shops, nicolae_diamond_shop, basic_altar,
          kennysheep_generic_room_10, uniq_sigmund
D:3:      layout_loops_ring
D:4:      layout_cave_pools, lemuel_crystal_altar, uniq_eustachio, uniq_natasha
D:5:      minmay_general_purpose_star, layout_rooms, nicolae_vehumet_radiance,
          uniq_edmund
D:6:      layout_rooms, gammafunk_temple_overflow_wave, serial_shops,
          shop_coins, hangedman_minor_gate_pass
D:7:      layout_loops_cross, kennysheep_mini_moat, fedhas_ov_isle_minmay,
          lemuel_round_altar, temple_green, minmay_misc_feat_pillars,
          minmay_bent, uniq_menkaure
D:8:      layout_gridville, lemuel_coloured_pillars_altar, enter_bailey_6,
          minmay_holes, uniq_pikel
D:9:      hangedman_cross_stitches, layout_stronghold,
          overflow_temple_1_default, lemuel_round_altar,
          nicolae_qazlal_eye_of_the_storm, lair_entry_dummy
Temple:   grunt_temple_mini_profane

Skill      XL: |  1  2  3  4  5  6  7  8  9 10 11 |
---------------+----------------------------------+-----
Air Magic      | 5 7 8 9 11 12 | 12.4
Stealth        | 3 4 |  4.0
Spellcasting   | 3 4 5 6 8 |  8.6
Fighting       | 2 4 6 7 |  7.3
Dodging        | 3 5 |  5.9
Necromancy     | 6 7 |  7.8
Shields        | 2 |  2.8
Conjurations   | |  1.3

Action                   |  1- 3 |  4- 6 |  7- 9 | 10-12 || total
-------------------------+-------+-------+-------+-------++-------
Melee: Hand axe          |     6 |       |       |       ||     6
       Kick              |     6 |     5 |     8 |    11 ||    30
       Punch             |     1 |       |       |     1 ||     2
       Dagger            |    26 |    22 |    30 |    28 ||   106
       Peck              |     3 |     3 |     1 |     8 ||    15
 Fire: Sling             |       |       |       |    34 ||    34
 Cast: Shock             |    48 |    75 |    25 |       ||   148
       Static Discharge  |     1 |    11 |     9 |    50 ||    71
       Airstrike         |       |    10 |    96 |   130 ||   236
       Swiftness         |       |       |     7 |     3 ||    10
       Anguish           |       |       |       |     2 ||     2
Evoke: Wand              |       |       |     4 |     1 ||     5
  Use: Scroll            |       |    10 |     6 |     4 ||    20
       Potion            |       |     1 |     1 |     3 ||     5
 Stab: Sleeping          |     9 |     1 |       |       ||    10
Armor: Robe              |     7 |     8 |     7 |     4 ||    26
       Troll leather arm |       |       |       |     5 ||     5
Dodge: Dodged            |    27 |    44 |    63 |    96 ||   230
